 Dungeon Crawl Stone Soup version 0.28-a0-1447-ga5a8893891 (webtiles) character file.

Game seed: 11758273446807750410

187157 wanderlust the Warrior (level 18, -5/125 HPs)
             Began as a Gargoyle Gladiator on Jan 10, 2022.
             Was the Champion of Wu Jian.
             Hit by a silver javelin thrown by a merfolk javelineer (16 damage)
             ... on level 4 of the Shoals.
             The game lasted 05:48:09 (33839 turns).

wanderlust the Warrior (Gargoyle Gladiator)        Turns: 33839, Time: 05:48:10

Health: -5/125     AC: 39    Str: 29    XL:     18   Next: 6%
Magic:  18/18      EV:  9    Int: 13    God:    Wu Jian [******]
Gold:   742        SH: 18    Dex: 21    Spells: 17/17 levels left

rFire   + . .      SeeInvis .   b - +10 war axe of Sunaq {spect, Dex+4}
rCold   x . .      Faith    .   p - +0 kite shield
rNeg    + + +      Spirit   .   m - +0 plate armour
rPois   ∞          Reflect  +   c - +0 helmet
rElec   +          Harm     .   Y - +1 cloak {rCorr}
rCorr   +          Rampage  .   d - +0 pair of gloves
Will    +....                   s - +0 pair of boots
Stlth   ..........              o - amulet "Sairel" {Reflect rN+ Str+3 Int+4 SH+5}
HPRegen 0.30/turn               k - +6 ring of dexterity
MPRegen 0.16/turn               C - ring "Cistrof" {Fire rN+ Slay+3 Stlth+}

@: flying
A: sickness immunity, AC +13, big wings, negative energy resistance 1,
electricity resistance, torment resistance 1, petrification resistance
}: 1/15 runes: barnacled
a: Renounce Religion, Wall Jump, Serpent's Lash, Heavenly Storm


You were on level 4 of the Shoals.
You worshipped Wu Jian.
Wu Jian was exalted by your worship.
You visited 6 branches of the dungeon, and saw 28 of its levels.

You collected 2217 gold pieces.
You spent 1475 gold pieces at shops.

Inventory:

Hand Weapons
 a - the +10 spear of the Known World {speed, Dex+4}
   (You found it on level 9 of the Dungeon)

   Attacks with this weapon are significantly faster.
   Dex:       It affects your dexterity (+4).
 b - the +10 war axe of Sunaq (weapon) {spect, Dex+4}
   (You found it on level 1 of the Lair of Beasts)

   When its wielder attacks, the weapon's spirit leaps out and strikes again.
   The spirit shares a part of any damage it takes with its wielder.
   Dex:       It affects your dexterity (+4).
 u - the +4 spear "Ipaitz" {antimagic, +Blink}
   (You found it on level 13 of the Dungeon)

   It reduces the magical energy of the wielder, and disrupts the spells and
   magical abilities of those it strikes.
   Natural abilities and divine invocations are not affected.
   +Blink:    It lets you blink.
 w - a +5 spectral demon trident
Missiles
 r - 3 silver javelins
 z - 2 curare-tipped darts
 N - 3 throwing nets
 O - 27 poisoned darts (quivered)
Armour
 c - a +0 helmet (worn)
 d - a +0 pair of gloves (worn)
 m - a +0 plate armour (worn)
 p - a +0 kite shield (worn)
 s - a +0 pair of boots (worn)
 Y - a +1 cloak of preservation (worn)
Jewellery
 k - a +6 ring of dexterity (left hand)
 o - the amulet "Sairel" (around neck) {Reflect rN+ Str+3 Int+4 SH+5}
   (You found it on level 3 of the Shoals)

   [amulet of reflection]

   It reflects blocked missile attacks.
   Str:       It affects your strength (+3).
   Int:       It affects your intelligence (+4).
   rN:        It protects you from negative energy.
   SH:        It affects your SH (+5).
 A - a +4 ring of slaying
 C - the ring "Cistrof" (right hand) {Fire rN+ Slay+3 Stlth+}
   (You bought it in a shop on level 2 of the Orcish Mines)

   [ring of fire]

   It enhances your fire magic.
   Slay:      It affects your accuracy & damage with ranged weapons and melee
   (+3).
   rF:        It protects you from fire.
   rC:        It makes you vulnerable to cold.
   rN:        It protects you from negative energy.
   Stlth:     It makes you more stealthy.
 G - a ring of willpower
 P - the macabre finger necklace {rN+}
   (You found it on level 3 of the Shoals)

   [amulet of nothing]

   It enables you to equip an extra ring.
   rN:        It protects you from negative energy.
Wands
 l - a wand of paralysis (3)
 q - a wand of mindburst (5)
 R - a wand of polymorph (22)
Scrolls
 e - a scroll of brand weapon
 y - 6 scrolls of amnesia
 E - 3 scrolls of fear
 H - 3 scrolls of teleportation
 I - a scroll of enchant armour
 S - 2 scrolls of fog
Potions
 f - 4 potions of curing
 g - a potion of ambrosia
 i - 4 potions of cancellation
 j - 3 potions of lignification
 t - 10 potions of brilliance
 v - a potion of invisibility
 K - a potion of haste
 L - a potion of resistance {unknown}
 X - a potion of flight {unknown}
Miscellaneous
 J - a lightning rod (1/4)
 W - a phantom mirror (inert)
 Z - a tin of tremorstones (inert)


   Skills:
 - Level 18.0 Fighting
 - Level 9.5(12.3) Axes
 + Level 8.0(10.9) Maces & Flails
 - Level 10.0(12.0) Polearms
 - Level 5.2(10.2) Staves
 - Level 2.0 Throwing
 * Level 17.5 Armour
 - Level 3.0 Dodging
 + Level 10.9 Shields
 + Level 10.6 Evocations


You had 17 spell levels left.
You didn't know any spells.
Your spell library contained the following spells:

 Spells                   Type           Power      Damage    Failure   Level
 Foxfire                  Conj/Fire      0%         2x1d4     97%         1
 Freeze                   Ice            0%         1d3       97%         1
 Shock                    Conj/Air       0%         1d3       97%         1
 Corpse Rot               Necr/Air       0%         N/A       99%         2
 Poisonous Vapours        Pois/Air       0%         N/A       99%         2
 Scorch                   Fire           0%         2d5       99%         2
 Conjure Flame            Conj/Fire      0%         6-21      100%        3
 Dazzling Flash           Conj/Hex       0%         N/A       100%        3
 Frozen Ramparts          Ice            0%         1d2       100%        3
 Inner Flame              Hex/Fire       0%         N/A       100%        3
 Swiftness                Air            0%         N/A       100%        3
 Tukima's Dance           Hex            0%         N/A       100%        3
 Airstrike                Air            0%         N/A       100%        4
 Animate Dead             Necr           0%         N/A       100%        4
 Dispel Undead            Necr           0%         3d6       100%        4
 Flame Wave               Conj/Fire      0%         2d4       100%        4
 Fulminant Prism          Conj/Hex       0%         3d6       100%        4
 Hailstorm                Conj/Ice       0%         3d3       100%        4
 Iskenderun's Mystic Bla  Conj/Tloc      0%         2d3       100%        4
 Olgreb's Toxic Radiance  Pois           0%         N/A       100%        4
 Passage of Golubria      Tloc           0%         N/A       100%        4
 Alistair's Intoxication  Tmut/Pois      0%         N/A       100%        5
 Borgnjor's Vile Clutch   Necr/Erth      0%         N/A       100%        5
 Fireball                 Conj/Fire      0%         3d3       100%        5
 Iskenderun's Battlesphe  Conj           0%         2d6       100%        5
 Lee's Rapid Deconstruct  Erth           0%         3d5*      100%        5
 Yara's Violent Unravell  Hex/Tmut       0%         3d3       100%        5
 Conjure Ball Lightning   Conj/Air       0%         3x3d6     100%        6
 Death Channel            Necr           0%         N/A       100%        6
 Eringya's Noxious Bog    Tmut/Pois      0%         N/A       100%        6
 Starburst                Conj/Fire      0%         6d3       100%        6
 Summon Cactus Giant      Summ           0%         N/A       100%        6
 Orb of Destruction       Conj           0%         N/A       100%        7
 Ozocubu's Refrigeration  Ice            0%         4d5       100%        7
 Ignition                 Fire           0%         3d3       100%        8
 Chain Lightning          Conj/Air       0%         N/A       100%        9
 Fire Storm               Conj/Fire      0%         5d1       100%        9
 Shatter                  Erth           0%         3d5*      100%        9


Dungeon Overview and Level Annotations

Branches:
Dungeon (14/15)            Temple (1/1) D:4            Lair (6/6) D:9
 Shoals (4/4) Lair:2       Spider (1/4) Lair:2        Slime (0/5) Lair:6
    Orc (2/2) D:12            Elf (0/3) Orc:2        Vaults (0/5) D:14

Altars:
Ashenzari
Cheibriados
Dithmenos
Elyvilon
Fedhas
Gozag
Hepliaklqana
Kikubaaqudgha
Makhleb
Nemelex Xobeh
Okawaru
Qazlal
Ru
Sif Muna
Trog
Uskayaw
Vehumet
Wu Jian
Xom
Yredelemnul
Zin
The Shining One
Jiyva
Lugonu

Shops:
D:1 !   D:4 *   D:7 [   D:12 *   D:13 *   Orc:2 ![*=   Shoals:2 ?   Shoals:4 [

Portals:
Abyss: Lair:6 Shoals:2
Pandemonium: Orc:2

Annotations:
Spider:1 Jorgrun, Nikola


Innate Abilities, Weirdness & Mutations

You are immune to sickness and miasma.
Your stone body is resilient. (AC +13)
You are immune to poison.
Your large and strong wings let you fly.
You resist negative energy. (rN+)
You are resistant to electric shocks. (rElec)
You are resistant to unholy torment.
You are immune to petrification.


Message History

The throwing net completely misses the alligator snapping turtle.
You hear a splash.
The merfolk javelineer throws a silver javelin.
The silver javelin pierces through you!!
* * * LOW HITPOINT WARNING * * *
x2 The sea snake barely misses you.
Blink to where?
Press: ? - help, Dir - move target, p - alligator snapping turtle
Found a potion of curing.
As you read the scroll of blinking, it crumbles to dust.
You see here a potion of curing.
f - 4 potions of curing (gained 1)
Found 18 bolts.
The sea snake bites you but does no damage.
Cleave: b) +10 war axe of Sunaq {spect, Dex+4}
Press: ? - help, Dir - move target, f - sea snake
Aim: a sea snake (moderately wounded, about 30% to evade the +10 war axe of Sunaq)
You closely miss the sea snake.
The sea snake is moderately wounded.
Your +10 war axe of Sunaq {spect, Dex+4} hits the sea snake!
The sea snake bites you but does no damage.
You block the sea snake's attack.
Cleave: b) +10 war axe of Sunaq {spect, Dex+4}
Press: ? - help, Dir - move target, f/p - sea snake
Aim: a sea snake (moderately wounded, about 30% to evade the +10 war axe of Sunaq)
You slash the sea snake!
The sea snake is heavily wounded.
Your +10 war axe of Sunaq {spect, Dex+4} closely misses the sea snake.
You block the sea snake's attack.
Cleave: b) +10 war axe of Sunaq {spect, Dex+4}
Press: ? - help, Dir - move target, f/p - sea snake
Aim: a sea snake (heavily wounded, about 30% to evade the +10 war axe of Sunaq)
You hit the sea snake.
The sea snake is heavily wounded.
Your +10 war axe of Sunaq {spect, Dex+4} hits the sea snake!!
You kill the sea snake!
The Council accepts your kill.
The merfolk javelineer throws a silver javelin.
The silver javelin pierces through you!
You die...

.............≈≈........
......................≈#
≈.....................##
.....................##.
....................##.
........###.........# #.
≈.......###.........## ≈
≈..(....##...........##≈
.......@(#...........#
.......†##..........##
....≈......≈..m.≈≈....##
..≈≈≈≈≈≈≈m≈≈≈≈≈≈≈≈≈...≈.
.≈≈≈≈≈≈≈≈≈≈≈≈≈≈≈≈≈≈....(
≈≈≈≈≈≈≈≈≈≈≈≈≈≈≈≈≈≈≈...§.
≈≈≈≈≈≈≈≈≈≈≈≈≈≈≈≈≈≈≈.....
≈≈≈≈≈≈≈≈≈≈≈≈≈≈≈≈≈≈≈≈≈≈≈≈
≈≈≈≈≈≈≈≈≈≈≈≈≈≈≈≈≈≈≈≈≈≈≈≈


You could see a merfolk javelineer and a friendly +10 war axe of Sunaq {spect,
Dex+4} (summoned).

Vanquished Creatures
  The ghost of EnronHubbard the Devastator, an adept VSEE of Sif Muna (Shoals:3)
  A kraken (Shoals:2)
  Ilsuiw (Shoals:4)
  A slime creature (D:13)
  A bunyip (shapeshifter) (D:13)
  18 merfolk impalers
  Josephine (Shoals:1)
  Harold (D:7)
  5 merfolk javelineers (Shoals:4)
  The ghost of HallandMoats the Blocker, a journeyman GnFi of Kikubaaqudgha (D:9)
  2 boulder beetles
  An ogre mage (D:11)
  14 hydras
  Fannar (D:10)
  A centaur warrior (D:14)
  2 catoblepae (D:13)
  5 alligator snapping turtles
  5 satyrs
  A demonspawn (Orc:2)
  5 two-headed ogres
  5 death yaks (Lair:6)
  3 merfolk aquamancers
  8 orc high priests (Orc:2)
  Nergalle (Lair:2)
  3 thrashing horrors (Lair:6)
  A pharaoh ant (Spider:1)
  A wretched star (Shoals:2)
  15 sea snakes
  8 orc knights
  24 harpies
  A wizard (D:14)
  The ghost of swinepaste the Arsonist, a novice DEFE of Vehumet (D:8)
  2 deep elf pyromancers
  4 wolf spiders
  2 shining eyes (Shoals:2)
  5 orc sorcerers (Orc:2)
  23 fauns
  An ugly thing (Lair:6)
  A worldbinder (Shoals:2)
  6 cyclopes
  2 moths of wrath (Shoals:3)
  24 manticores
  2 oklob plants (Lair:6)
  18 elephants
  The ghost of gimp the Carver, a novice MiGl (D:6)
  3 water nymphs
  2 apocalypse crabs (Shoals:2)
  4 black mambas
  12 merfolk sirens
  3 large abominations (Lair:6)
  13 cane toads
  An orange demon (Orc:2)
  2 gargoyles
  6 komodo dragons
  3 rime drakes
  A demonic crawler (Lair:2)
  A kobold demonologist (D:11)
  A komodo dragon (shapeshifter) (Lair:6)
  An ice devil (Orc:2)
  2 ancient zymes (Lair:6)
  A hellwing (Orc:2)
  29 merfolk
  11 trolls
  A hornet (Lair:4)
  2 polar bears
  5 wind drakes
  2 tarantellas (Spider:1)
  3 dream sheep (Shoals:3)
  16 blink frogs
  Grinder (D:6)
  8 snapping turtles
  4 jumping spiders (Lair:2)
  A culicivora (Lair:2)
  A vampire (D:12)
  A shadow (D:12)
  4 wyverns
  4 ynoxinuls
  56 yaks
  6 wraiths
  19 water elementals
  11 redbacks
  9 basilisks
  3 steam dragons
  13 vampire mosquitoes
  3 chaos spawn
  A neqoxec (Shoals:2)
  3 wargs
  A spatial vortex (Shoals:2)
  A floating eye (Lair:6)
  An acid dragon (D:10)
  15 water moccasins
  33 orc warriors
  A sky beast (D:5)
  4 ice beasts
  3 black bears
  A merfolk zombie (Shoals:2)
  6 ogres
  3 wolves (Lair:3)
  7 centaurs
  A necrophage (D:5)
  A phantom (D:5)
  11 small abominations
  A wyvern zombie (D:8)
  3 scorpions
  12 bullfrogs
  A wyvern skeleton (D:7)
  2 water moccasin skeletons (D:5)
  A wight (D:8)
  An electric eel (D:8)
  2 centaur zombies (D:9)
  A jelly (D:6)
  Crazy Yiuf (D:6)
  20 orc priests
  A gnoll shaman (D:7)
  A centaur skeleton (D:5)
  An iguana (D:6)
  Ijyb (D:3)
  10 orc wizards
  A hound zombie (D:5)
  A hound skeleton (D:5)
  A howler monkey zombie (D:10)
  11 adders
  6 gnolls
  A shadow imp (D:8)
  2 white imps
  An adder zombie (D:5)
  A worm (D:2)
  2 dart slugs
  65 orcs
  4 endoplasms
  3 giant cockroaches
  3 goblins
  9 hobgoblins
  7 jackals
  4 kobolds
  4 quokkas
  13 ball pythons
  9 bats
  6 frilled lizards
  3 rats
  3 tentacles (Shoals:2)
811 creatures vanquished.

Vanquished Creatures (collateral kills)
  A frost giant (Shoals:4)
  A merfolk javelineer (Shoals:4)
  2 merfolk sirens (Lair:2)
4 creatures vanquished.

Vanquished Creatures (others)
  A harpy (Shoals:4)
  A wizard (D:14)
  A tarantella (Spider:1)
  2 redbacks (Spider:1)
  3 orcs (D:6)
  3 bushes (Lair:6)
  37 fungi
  257 plants
  15 tentacles (Shoals:2)
320 creatures vanquished.

Grand Total: 1135 creatures vanquished

Notes
Turn   | Place    | Note
-------+----------+-------------------------------------------
     0 | D:1      | wanderlust the Gargoyle Gladiator began the quest for the
                  | Orb.
     0 | D:1      | Reached XP level 1. HP: 12/12 MP: 1/1
   137 | D:1      | Reached XP level 2. HP: 18/18 MP: 2/2
   529 | D:1      | Found Zutuf's Distillery.
   583 | D:1      | Bought a potion of curing for 30 gold pieces
   728 | D:1      | Upgraded the game from 0.28-a0-1435-g82390b3a13 to
                  | 0.28-a0-1447-ga5a8893891
   746 | D:1      | Reached XP level 3. HP: 22/22 MP: 3/3
   938 | D:2      | Reached skill level 3 in Fighting
  1020 | D:2      | Reached skill level 1 in Armour
  1105 | D:2      | Reached XP level 4. HP: 27/28 MP: 4/4
  1877 | D:3      | Noticed Ijyb
  1901 | D:3      | Killed Ijyb
  1902 | D:3      | Reached XP level 5. HP: 24/33 MP: 5/5
  2291 | D:3      | Found a faded altar of an unknown god.
  2396 | D:4      | Noticed an ogre
  2402 | D:4      | Noticed an ice beast
  2431 | D:4      | Found a staircase to the Ecumenical Temple.
  2496 | Temple   | Entered the Ecumenical Temple
  2571 | Temple   | Became a worshipper of the Wu Jian Council
  2775 | D:4      | Found Jywk's General Store.
  2815 | D:4      | Reached skill level 4 in Fighting
  2903 | D:4      | Killed an ogre
  2904 | D:4      | Reached XP level 6. HP: 39/39 MP: 6/6
  3051 | D:4      | Killed an ice beast
  3052 | D:4      | Reached skill level 5 in Staves
  3151 | D:5      | Entered Level 5 of the Dungeon
  3159 | D:5      | Reached skill level 5 in Fighting
  3162 | D:5      | Reached XP level 7. HP: 31/44 MP: 7/7
  3177 | D:5      | Found Rostruita's One-of-a-Kind Rings.
  3198 | D:5      | Reached skill level 1 in Maces & Flails
  3215 | D:5      | Reached skill level 1 in Shields
  3310 | D:5      | Reached * piety under Wu Jian
  3335 | D:5      | Reached skill level 6 in Fighting
  3343 | D:5      | Reached XP level 8. HP: 5/51 MP: 8/8
  4012 | D:5      | Reached skill level 7 in Fighting
  4176 | D:6      | Noticed Grinder
  4203 | D:6      | Reached XP level 9. HP: 35/57 MP: 9/9
  4229 | D:6      | Paralysed by Grinder for 2 turns
  4235 | D:6      | Killed Grinder
  4236 | D:6      | Reached skill level 5 in Shields
  4433 | D:6      | Reached skill level 5 in Maces & Flails
  4469 | D:6      | Found a runed translucent door.
  4470 | D:6      | Noticed Crazy Yiuf
  4506 | D:6      | Killed Crazy Yiuf
  4721 | D:6      | Reached skill level 8 in Fighting
  4778 | D:6      | Found a large runed translucent door.
  4779 | D:6      | Found a large runed translucent door.
  4781 | D:6      | Noticed gimp's ghost (novice MiGl)
  4796 | D:6      | Killed gimp's ghost
  5029 | D:7      | Found Ejyusok's Antique Armour Shop.
  5167 | D:7      | Noticed Harold
  5181 | D:7      | Paralysed by Harold for 4 turns
  5202 | D:7      | Killed Harold
  5203 | D:7      | Reached skill level 9 in Fighting
  5203 | D:7      | Reached skill level 5 in Armour
  5203 | D:7      | Reached XP level 10. HP: 25/66 MP: 10/10
  5613 | D:7      | Reached ** piety under Wu Jian
  5728 | D:7      | Noticed a cyclops
  5748 | D:7      | Killed a cyclops
  6694 | D:8      | Found a basalt altar of Yredelemnul.
  6716 | D:8      | Found a hide-covered altar of Uskayaw.
  6811 | D:8      | Reached skill level 1 in Evocations
  6862 | D:8      | Reached skill level 10 in Fighting
  7721 | D:8      | Found a runed translucent gate.
  7721 | D:8      | Found a runed translucent gate.
  7721 | D:8      | Found a runed translucent gate.
  7722 | D:8      | Noticed swinepaste's ghost (novice DEFE)
  7765 | D:8      | Killed swinepaste's ghost
  7766 | D:8      | Reached XP level 11. HP: 53/73 MP: 11/11
  8115 | D:9      | Reached skill level 5 in Evocations
  8384 | D:9      | Found a radiant altar of Vehumet.
  8446 | D:9      | Noticed a two-headed ogre
  8468 | D:9      | Killed a two-headed ogre
  8634 | D:9      | Found a runed translucent gate.
  8634 | D:9      | Found a runed translucent gate.
  8634 | D:9      | Found a runed translucent gate.
  8635 | D:9      | Noticed an 11-headed hydra
  8635 | D:9      | Noticed HallandMoats's ghost (journeyman GnFi)
  8669 | D:9      | Reached skill level 11 in Fighting
  8688 | D:9      | Found a staircase to the Lair.
  8709 | D:9      | Identified the +10 spear of the Known World {speed, Dex+4}
  8860 | D:10     | Entered Level 10 of the Dungeon
  8919 | D:10     | Noticed Fannar
  8966 | D:10     | Killed Fannar
  8966 | D:10     | Reached *** piety under Wu Jian
  9268 | D:10     | Found a sparkling altar of Nemelex Xobeh.
  9706 | D:11     | Noticed an ogre mage
  9706 | D:11     | Noticed a two-headed ogre
  9706 | D:11     | Noticed a two-headed ogre
  9706 | D:11     | Noticed a boulder beetle
  9876 | D:11     | Killed a two-headed ogre
  9877 | D:11     | Reached skill level 5 in Polearms
  9884 | D:11     | Killed a two-headed ogre
 10107 | D:11     | Noticed a two-headed ogre
 10114 | D:11     | Killed a two-headed ogre
 10115 | D:11     | Reached XP level 12. HP: 69/80 MP: 10/12
 10286 | D:11     | Killed an ogre mage
 10539 | D:11     | Killed a boulder beetle
 10822 | D:12     | Noticed an eight-headed hydra
 10835 | D:12     | Killed an eight-headed hydra
 10854 | D:12     | Noticed a two-headed ogre
 10868 | D:11     | Killed a two-headed ogre
 11060 | Lair:1   | Entered Level 1 of the Lair of Beasts
 11099 | Lair:1   | Noticed a four-headed hydra
 11118 | Lair:1   | Killed a four-headed hydra
 11437 | Lair:1   | Identified the +10 war axe of Sunaq {spect, Dex+4}
 11710 | Lair:1   | Noticed an eight-headed hydra
 11721 | Lair:1   | Killed an eight-headed hydra
 11722 | Lair:1   | Reached skill level 10 in Polearms
 11747 | Lair:2   | Reached skill level 1 in Axes
 11772 | Lair:2   | Reached **** piety under Wu Jian
 11962 | Lair:2   | Noticed an eight-headed hydra
 11969 | Lair:2   | Killed an eight-headed hydra
 11970 | Lair:2   | Reached XP level 13. HP: 79/84 MP: 13/13
 12053 | Lair:2   | Found a hole to the Spider Nest.
 12565 | Lair:2   | Found the +7 staff of the Meek {protect, meekguard}
 12615 | Lair:2   | Reached skill level 5 in Axes
 12666 | Lair:2   | Found a staircase to the Shoals.
 12941 | Lair:3   | Noticed Nergalle
 12958 | Lair:2   | Killed Nergalle
 13710 | Lair:3   | Reached ***** piety under Wu Jian
 14258 | Lair:4   | You fall into a shaft and drop 1 floor!
 15324 | Lair:6   | Entered Level 6 of the Lair of Beasts
 15336 | Lair:6   | Gained mutation: Your large and strong wings let you fly.
                  | [Gargoyle growth]
 15336 | Lair:6   | Reached XP level 14. HP: 87/90 MP: 14/14
 15652 | Lair:6   | Found a viscous altar of Jiyva.
 15657 | Lair:6   | Found a staircase to the Slime Pits.
 16432 | Lair:6   | Paralysed by a floating eye for 3 turns
 16923 | Lair:6   | Reached skill level 12 in Fighting
 17535 | Lair:6   | Reached ****** piety under Wu Jian
 17542 | Lair:6   | Found a corrupted altar of Lugonu.
 17542 | Lair:6   | Found a one-way gate to the infinite horrors of the Abyss.
 17781 | Lair:6   | Reached skill level 10 in Armour
 18095 | Lair:4   | Identified the +1 chain mail "Icvumeme" {rPois Str+2 Dex-5}
 18421 | D:9      | Killed HallandMoats's ghost
 18795 | D:12     | Reached XP level 15. HP: 86/97 MP: 13/15
 18860 | D:12     | Found Ymaaviosk's Blood Bar.
 19201 | D:12     | Found a staircase to the Orcish Mines.
 19636 | D:13     | Reached skill level 13 in Fighting
 19990 | D:13     | Reached skill level 10 in Shields
 20385 | D:13     | Found Kazaez's Gadget Gallery.
 20391 | D:13     | Bought a wand of paralysis (6) for 144 gold pieces
 20660 | D:13     | Identified the +4 spear "Ipaitz" {antimagic, +Blink}
 21353 | D:14     | Found a snail-covered altar of Cheibriados.
 21500 | D:14     | Found a gate to the Vaults.
 21616 | Orc:1    | Entered Level 1 of the Orcish Mines
 22009 | Orc:2    | Entered Level 2 of the Orcish Mines
 22009 | Orc:2    | Found a staircase to the Elven Halls.
 22108 | Orc:2    | Found Tiskamm's Distillery.
 22166 | Orc:2    | Found Xonnuokk's General Store.
 23061 | Orc:2    | Bought 2 potions of berserk rage for 140 gold pieces
 23061 | Orc:2    | Bought a potion of heal wounds for 70 gold pieces
 23303 | Orc:2    | Reached skill level 14 in Fighting
 23541 | Orc:2    | Found Didghisk's Jewellery Emporium.
 23541 | Orc:2    | Found Roti's Antique Armour Shoppe.
 23547 | Orc:2    | Reached skill level 10 in Evocations
 23556 | Orc:2    | Found a one-way gate leading to the halls of Pandemonium.
 23562 | Orc:2    | Bought a runed chain mail for 232 gold pieces
 23564 | Orc:2    | Bought the ring "Cistrof" {Fire rN+ Slay+3 Stlth+} for 774
                  | gold pieces
 24745 | Spider:1 | Entered Level 1 of the Spider Nest
 24745 | Spider:1 | Noticed Nikola
 25036 | Spider:1 | Noticed Jorgrun
 25039 | Spider:1 | Reached XP level 16. HP: 70/107 MP: 0/16
 25041 | Spider:1 | HP: 2/107 [Nikola/bolt of lightning (17)]
 25441 | Shoals:1 | Entered Level 1 of the Shoals
 25563 | Shoals:1 | Noticed Josephine
 25582 | Shoals:1 | Killed Josephine
 25723 | Shoals:1 | Reached skill level 15 in Fighting
 27575 | Shoals:2 | Found Qoudasm's Magic Scroll Shoppe.
 27980 | Shoals:2 | Paralysed by an apocalypse crab for 3 turns
 27994 | Shoals:2 | Found a runed translucent door.
 28014 | Shoals:2 | Reached skill level 16 in Fighting
 28029 | Shoals:2 | Found a corrupted altar of Lugonu.
 28983 | Shoals:2 | Noticed a kraken
 29015 | Shoals:2 | Killed a kraken
 29016 | Shoals:2 | Reached skill level 15 in Armour
 29390 | Shoals:3 | Found a transporter.
 29411 | Shoals:3 | Reached XP level 17. HP: 89/116 MP: 15/17
 29425 | Shoals:3 | Reached skill level 17 in Fighting
 29425 | Shoals:3 | Noticed EnronHubbard's ghost (adept VSEE)
 29472 | Shoals:3 | Found the macabre finger necklace {rN+}
 30127 | Shoals:3 | Found a transporter.
 30685 | Shoals:3 | Killed EnronHubbard's ghost
 31307 | Shoals:3 | Identified the amulet "Sairel" {Reflect rN+ Str+3 Int+4
                  | SH+5}
 31377 | Shoals:4 | Entered Level 4 of the Shoals
 31456 | Shoals:4 | Noticed Ilsuiw
 31473 | Shoals:4 | Killed Ilsuiw
 31839 | Shoals:4 | Found Bange's Armour Shoppe.
 31998 | Shoals:4 | Reached skill level 18 in Fighting
 32023 | Shoals:4 | Bought a +0 pair of boots for 85 gold pieces
 32574 | Shoals:4 | HP: 3/119 [merfolk impaler (3)]
 33198 | Shoals:4 | HP: 3/119 [merfolk javelineer/javelin (15)]
 33593 | Shoals:4 | Reached XP level 18. HP: 125/125 MP: 18/18
 33710 | Shoals:4 | Got a barnacled rune of Zot
 33823 | Shoals:4 | HP: 6/125 [merfolk javelineer/silver javelin (4)]
 33839 | Shoals:4 | Hit by a silver javelin thrown by a merfolk javelineer

Illustrated notes

Levels and vault maps discovered:
D:1:      nzn_arrival_water_spiral, layout_loops_ring, serial_shops,
          nicolae_shop_window_shopping, grunt_decor_arrowhead
D:2:      minmay_thinvault, layout_rooms, skrybe_limestone_x
D:3:      layout_loops_ring, hellmonk_ecumenical_altar_leap_of_faith,
          dk_vineyard_1, lexackson_kobold_supper, uniq_ijyb
D:4:      layout_rooms, minmay_temple_entry_grid, serial_shops, shop_statue,
          hex_medium
D:5:      kennysheep_spiral_hall, layout_loops_ring, nicolae_ossuary_entry_plus,
          grunt_decor_cap, hangedman_abyss_or_decor_lesser_grid,
          nicolae_shop_unique_rings
D:6:      layout_rooms, ebering_ghost_disaster_area, kennysheep_generic_room_12,
          uniq_crazy_yiuf_cottage, uniq_grinder
D:7:      layout_layer_cave, nicolae_stop_n_shop_1, uniq_harold
D:8:      layout_cave_pods, mainiacjoe_overflow_catch_the_wave,
          ebering_ghost_rock_garden, st_stairs_14,
          hangedman_decor_clover_reticule, kennysheep_cluttered_room
D:9:      layout_rooms, mainiacjoe_overflow_alcove_1,
          grunt_lair_entry_orc_guard_hut, gammafunk_ghost_hydra_chop
D:10:     layout_irregular_city, mainiacjoe_overflow_chevrons, uniq_fannar
D:11:     layout_cave_pools
D:12:     layout_cave_pools, orc_0_dummy, kennysheep_pointless_box,
          guppyfry_shop_blood
D:13:     layout_layer_cave, kennysheep_big_empty_room, nicolae_shop_gadgets
D:14:     layout_loops_ring, david_vaults_1, serial_park_square1
          [serial_park_minivault_5x5_4], nicolae_concentric_dashed_squares_wild
Temple:   dpeg_five_rooms_temple
Lair:1:   layout_hall_layers
Lair:2:   layout_roguey, elwin_shoals_entry_stream,
          nicolae_spider_entry_tight_spaces, wad_woods_road_03,
          grunt_megastairs_3
Lair:3:   layout_hall_layers, grunt_megastairs_1, infiniplex_staircase_pool,
          uniq_nergalle
Lair:4:   minmay_lair_venomous_thicket, layout_hall_layers
Lair:5:   layout_gridlike
Lair:6:   hellmonk_lair_end_abyssal_woods, layout_regular_city, slime_altar_1,
          nicolae_lair_lil_pond, disabler_island
Shoals:1: layout_shoals, uniq_josephine
Shoals:2: cheibrodos_shoals_roost, layout_shoals, serial_shops, shop,
          nicolae_shoals_stone_sculpture_thing,
          nicolae_shoals_abyss_on_the_beach
Shoals:3: layout_shoals, gammafunk_ghost_berserking_beasts
Shoals:4: shoals_end_grunt_ice, layout_shoals, shoals_ilsuiw_ice, serial_shops,
          nicolae_shop_advertising_works [nicolae_subvault_shop_adworks],
          uniq_polyphemus
Spider:1: layout_spider_delve, hive_lemuel, uniq_rupert, uniq_nikola,
          uniq_jorgrun
Orc:1:    layout_caves
Orc:2:    pf_orc_diabolical, layout_caves, nicolae_orc_damp_corner,
          nicolae_orc_pool_cavern

Skill      XL: |  1  2  3  4  5  6  7  8  9 10 11 12 13 14 15 16 17 |
---------------+----------------------------------------------------+-----
Throwing       | 2 |  2.0
Fighting       | 3 4 5 6 7 9 10 11 12 14 16 18 | 18.0
Armour         | 1 2 3 5 7 10 12 15 17 | 17.5
Staves         | 4 5 |  5.2
Dodging        | 3 |  3.0
Maces & Flails | 2 4 5 7 8 |  8.0
Shields        | 2 4 6 9 10 | 10.9
Evocations     | 4 5 6 8 9 10 | 10.6
Polearms       | 6 10 | 10.0
Axes           | 3 9 |  9.5

Action                   |  1- 3 |  4- 6 |  7- 9 | 10-12 | 13-15 | 16-18 || total
-------------------------+-------+-------+-------+-------+-------+-------++-------
Melee: Quarterstaff      |    76 |   130 |    11 |       |       |       ||   217
       Mace              |       |       |   228 |   280 |       |       ||   508
       Spear             |       |       |       |   349 |  1912 |   770 ||  3031
       War axe           |       |       |       |       |   106 |   256 ||   362
Throw: Dart              |     3 |    12 |     8 |     3 |    22 |    36 ||    84
       Throwing net      |       |     1 |     4 |     3 |     2 |     2 ||    12
       Stone             |       |       |     7 |       |       |       ||     7
       Boomerang         |       |       |     3 |       |     7 |       ||    10
       Javelin           |       |       |       |     4 |    48 |    23 ||    75
Invok: Lunge             |       |     1 |     7 |     4 |     7 |    37 ||    56
       Whirlwind         |       |       |     2 |    16 |    38 |    56 ||   112
       Serpent's Lash    |       |       |       |       |     4 |     4 ||     8
       Heavenly Storm    |       |       |       |       |       |     2 ||     2
 Abil: Wall Jump         |       |       |       |       |     2 |       ||     2
Evoke: Wand              |       |     3 |    13 |    52 |    41 |    10 ||   119
       Lightning rod     |       |       |       |       |     4 |    17 ||    21
       Tin of tremorston |       |       |       |       |     3 |     5 ||     8
       Phantom mirror    |       |       |       |       |       |     1 ||     1
  Use: Potion            |       |       |     4 |     5 |    11 |     9 ||    29
       Scroll            |       |       |     5 |    17 |     9 |    15 ||    46
 Stab: Sleeping          |       |     1 |       |       |       |       ||     1
       Paralysed         |       |     9 |       |    34 |     3 |       ||    46
       Held in net/web   |       |       |     2 |     1 |     2 |     4 ||     9
       Distracted        |       |       |     1 |       |     4 |     8 ||    13
       Invisible         |       |       |       |       |     1 |     1 ||     2
Armor: Leather armour    |    26 |    32 |    65 |       |       |       ||   123
       Chain mail        |       |       |    36 |   141 |       |       ||   177
       Plate armour      |       |       |       |    77 |   531 |   365 ||   973
Dodge: Dodged            |    57 |    71 |    80 |   141 |   339 |   187 ||   875
Block: Kite shield       |       |       |   106 |   263 |   570 |   460 ||  1399
       Reflection        |       |       |       |       |       |    33 ||    33

Table legend: (Time is in decaauts)
 A = Elapsed time spent in this place.
 B = Non-inter-level travel time spent in this place.
 C = Inter-level travel time spent in this place.
 D = Time resting spent in this place.
 E = Time spent auto-exploring this place.
 F = Levels seen in this place.
 G = Mean time per level.
                   A        B        C        D        E       F      G
               +--------+--------+--------+--------+--------+-----+--------+
         Total |  32475 |  31535 |    940 |   3350 |  13907 |  28 | 1159.8 |
       Dungeon |  14339 |  13683 |    656 |    410 |   5890 |  14 | 1024.2 |
        Temple |    261 |    261 |      0 |      0 |     66 |   1 |  261.0 |
          Lair |   7379 |   7204 |    175 |    891 |   2482 |   6 | 1229.8 |
        Shoals |   7991 |   7923 |     68 |   1305 |   4604 |   4 | 1997.8 |
   Spider Nest |     20 |     20 |      0 |      0 |      0 |   1 |   20.0 |
  Orcish Mines |   2482 |   2443 |     39 |    744 |    865 |   2 | 1241.0 |
               +--------+--------+--------+--------+--------+-----+--------+

Top non-repeatable levels by time:
Shoals:3: 2651 daAuts
  Lair:6: 2432 daAuts
  Lair:2: 2046 daAuts
Shoals:1: 1973 daAuts
    D:13: 1795 daAuts
   Orc:2: 1754 daAuts
Shoals:2: 1736 daAuts
     D:7: 1736 daAuts
Shoals:4: 1629 daAuts
    D:10: 1421 daAuts
     D:8: 1414 daAuts
    D:11: 1101 daAuts
     D:9: 1078 daAuts
     D:5: 1061 daAuts
  Lair:5: 992 daAuts
